 Dungeon Crawl Stone Soup version 0.21.1-1-g345015f (webtiles) character file.

101 Mirai the Sneak (level 5, 0/28 HPs)
             Began as a Kobold Enchanter on Apr 27, 2018.
             Slain by Wanze's ghost (8 damage)
             ... on level 3 of the Dungeon.
             The game lasted 00:06:48 (2787 turns).

Mirai the Sneak (Kobold Enchanter)                  Turns: 2787, Time: 00:06:49

Health: 0/28       AC:  6    Str:  7    XL:     5   Next: 4%
Magic:  4/9        EV: 16    Int: 16    God:
Gold:   101        SH:  0    Dex: 15    Spells: 0/9 levels left

rFire    . . .     SeeInvis .   p - +0 rapier
rCold    . . .     Gourm    .   (shield restricted)
rNeg     . . .     Faith    .   b - +0 robe
rPois    .         Spirit   .   e - +1 helmet
rElec    .         Reflect  .   k - +0 cloak
rCorr    .         Harm     .   (no gloves)
MR       .....                  (no boots)
Stlth    +++.......             (no amulet)
HPRegen  0.09/turn              (no ring)
MPRegen  0.11/turn              (no ring)

@: no status effects
A: small, talons 1, carnivore, sense surroundings 1, shaggy fur 1
a: no special abilities


You were on level 3 of the Dungeon.
You were full.

You visited 1 branch of the dungeon, and saw 3 of its levels.

You collected 101 gold pieces.

Inventory:

Hand Weapons
 a - a +1 dagger
 p - a +0 rapier (weapon)
Armour
 b - a +0 robe (worn)
 e - a +1 helmet (worn)
 h - a +0 leather armour
 k - a +0 cloak (worn)
 l - a cursed +0 ring mail
Scrolls
 f - a scroll of blinking
 g - a scroll of remove curse
 j - a scroll of teleportation
 n - 2 scrolls of identify
Books
 c - a book of Maledictions

   Spells                             Type                      Level
   a - Corona                         Hexes                        1
   b - Ensorcelled Hibernation        Hexes/Ice                    2
   c - Confuse                        Hexes                        3
   d - Tukima's Dance                 Hexes                        3
   e - Dazzling Spray                 Conjuration/Hexes            3
Comestibles
 d - 3 rations


   Skills:
 + Level 0.9 Fighting
 + Level 2.5 Short Blades
 + Level 3.2 Dodging
 + Level 4.8 Stealth
 + Level 2.8 Spellcasting
 + Level 3.4 Hexes
 + Level 1.0 Ice Magic


You couldn't memorise any spells.
You knew the following spells:

 Your Spells              Type           Power        Failure   Level  Hunger
a - Corona                Hex            ##.....      4%          1    #......
b - Ensorcelled Hibernat  Hex/Ice        #.....       12%         2    ##.....
c - Confuse               Hex            ##......     14%         3    ###....
d - Tukima's Dance        Hex            ##......     14%         3    ###....


Dungeon Overview and Level Annotations

Branches:
Dungeon (3/15)

Altars:

Annotations:
D:3 Wanze's ghost, amateur DrWn


Innate Abilities, Weirdness & Mutations

You are small and have problems with some larger weapons.
You are carnivorous and can eat meat at any time.
You have sharp toenails.
You passively map a small area around you.
You are covered in fur. (AC +1)


Message History

You hit Wanze's ghost but do no damage.
Wanze's ghost is severely damaged.
Wanze's ghost closely misses you.
You hit Wanze's ghost but do no damage. Your kick misses Wanze's ghost.
Wanze's ghost is severely damaged.
Wanze's ghost hits you.
You closely miss Wanze's ghost. Your kick misses Wanze's ghost.
Wanze's ghost is severely damaged.
Wanze's ghost barely misses you.
You closely miss Wanze's ghost.
Wanze's ghost is severely damaged.
Wanze's ghost barely misses you.
You hit Wanze's ghost but do no damage.
Wanze's ghost is severely damaged.
Wanze's ghost hits you.
* * * LOW HITPOINT WARNING * * *
You closely miss Wanze's ghost.
Wanze's ghost is severely damaged.
Wanze's ghost closely misses you. Wanze's ghost hits you!
You die...

#.# ## ########.# #.
**###........######## #(
........#.........# #.
*,###.###.#...#####.##########
#. *
##......####.##.......###.
#............##.#####(##..
#....#...(...W.(##.# #.##..
####...#.#..@#...#.#####.##.#
#####.#####.#......##.##.# ,*
*#'# #...#(##.##.##.# , ...
#####.##.##.##.# * ...
#.##.##.##.. * ..... *
##.......#### * ...
####...#.#######
+............... ** , ,
####...#.#######


You could see Wanze's ghost.

Vanquished Creatures
  Crazy Yiuf (D:2)
  2 adders
  A worm (D:2)
  4 dart slugs
  2 leopard geckos
  A giant cockroach (D:1)
  4 goblins
  6 hobgoblins
  A quokka (D:3)
  3 bats
  11 kobolds
  4 rats (D:1)
  2 fungi (D:2)
42 creatures vanquished.

Notes
Turn   | Place    | Note
-------+----------+-------------------------------------------
     0 | D:1      | Mirai the Kobold Enchanter began the quest for the Orb.
     0 | D:1      | Reached XP level 1. HP: 10/10 MP: 3/3
   181 | D:1      | Reached XP level 2. HP: 12/15 MP: 5/5
   210 | D:1      | Learned a level 2 spell: Ensorcelled Hibernation
   467 | D:1      | Reached XP level 3. HP: 19/19 MP: 6/6
  1308 | D:2      | Reached XP level 4. HP: 15/24 MP: 1/7
  1814 | D:2      | Found a runed door.
  1818 | D:2      | Noticed Crazy Yiuf
  1827 | D:2      | Killed Crazy Yiuf
  1954 | D:3      | Reached skill level 1 in Ice Magic
  2107 | D:3      | Reached XP level 5. HP: 22/28 MP: 9/9
  2189 | D:3      | Noticed Wanze's ghost (amateur DrWn)
  2367 | D:2      | Gained mutation: You passively map a small area around you. [potion of mutation]
  2367 | D:2      | Gained mutation: You occasionally shout uncontrollably at your foes. [potion of mutation]
  2367 | D:2      | Gained mutation: You possess an exceptional clarity of mind. [potion of mutation]
  2370 | D:2      | Lost mutation: You possess an exceptional clarity of mind. [potion of mutation]
  2370 | D:2      | Lost mutation: You occasionally shout uncontrollably at your foes. [potion of mutation]
  2370 | D:2      | Gained mutation: You are covered in fur. (AC +1) [potion of mutation]
  2370 | D:2      | Gained mutation: You have sharp toenails. [potion of mutation]
  2383 | D:2      | Learned a level 3 spell: Confuse
  2387 | D:2      | Learned a level 3 spell: Tukima's Dance
  2787 | D:3      | Slain by Wanze's ghost

Skill      XL: |  1  2  3  4 |
---------------+-------------+-----
Short Blades   | 2 |  2.5
Dodging        | 3 |  3.2
Ice Magic      | 1 |  1.0
Fighting       | |  0.9
Stealth        | |  4.8
Spellcasting   | |  2.8
Hexes          | |  3.4

Action                   |  1- 3 |  4- 6 || total
-------------------------+-------+-------++-------
Melee: Dagger            |    75 |       ||    75
       Rapier            |    22 |   129 ||   151
       Kick              |       |     7 ||     7
 Cast: Ensorcelled Hiber |    10 |     4 ||    14
       Confuse           |       |     6 ||     6
  Use: Scroll            |     5 |     1 ||     6
       Potion            |     1 |     4 ||     5
 Stab: Sleeping          |    14 |     5 ||    19
       Confused          |       |     1 ||     1
  Eat: Chunk             |    10 |     4 ||    14
Armor: Robe              |     9 |    21 ||    30
Dodge: Dodged            |    70 |   103 ||   173
